 Dungeon Crawl Stone Soup version 0.18-a0-1800-gdc7a371 (webtiles) character file.

116421 Moloch the Cutthroat (level 17, -1/108 HPs)
             Began as a Kobold Berserker on Apr 24, 2016.
             Was the Champion of Trog.
             Slain by a shambling mangrove (25 damage)
             ... on level 1 of the Swamp.
             The game lasted 01:36:54 (28357 turns).

Moloch the Cutthroat (Kobold Berserker)            Turns: 28357, Time: 01:36:55

Health: -1/108     AC: 21    Str: 19    XL:     17   Next: 26%
Magic:  26/26      EV: 19    Int:  5    God:    Trog [******]
Gold:   2225       SH:  7    Dex: 21    Spells: 0 memorised, 16 levels left

rFire  + + .     SeeInvis +     T - +7 rapier of Due Proportion {pierce, rF++ MR+++ Str-2}
rCold  + + .     Gourm    .     d - +5 ring mail of Vigg {rC+ MP+9}
rNeg   . . .     Faith    .     m - +0 buckler
rPois  +         Spirit   .     K - +1 hat {SInv}
rElec  .         Dismiss  .     M - +2 cloak
rCorr  .         Reflect  .     Q - +2 pair of gloves
SustAt .         Harm     .     P - +1 pair of boots of Masochism {Regen+ Str+4 Dex-4 SInv}
MR     +++++     Rnd*Rage +     (no amulet)
Stlth  +++++++...               X - ring of protection from cold
                                s - ring of protection from magic

@: lethally poisoned (-1 -> -1), grasped by roots, very slow, almost entirely
resistant to hostile enchantments, extremely stealthy
A: rugged brown scales 1, agile 2, berserk 1, carnivore 3, poison resistance,
subdued magic 2
a: Berserk, Trog's Hand, Brothers in Arms, Burn Spellbooks, Renounce Religion


You were on level 1 of the Swamp.
You worshipped Trog.
Trog was exalted by your worship.
You were very full.

You visited 5 branches of the dungeon, and saw 27 of its levels.

You collected 2831 gold pieces.
You spent 606 gold pieces at shops.

Inventory:

Hand Weapons
 b - a +2 antimagic rapier
 T - the +7 rapier of Due Proportion (weapon) {pierce, rF++ MR+++ Str-2}
   (Trog gifted it to you on level 8 of the Lair of Beasts)

   It inflicts extra damage upon your enemies.
   It affects your strength (-2).
   It greatly protects you from fire.
   It affects your resistance to hostile enchantments.
 U - a +8 quick blade of flaming
Missiles
 L - 2 throwing nets (quivered)
Armour
 d - the +5 ring mail of Vigg (worn) {rC+ MP+9}
   (You found it on level 12 of the Dungeon)

   It protects you from cold.
   It affects your magic capacity (+9).
 m - a +0 buckler (worn)
 K - a +1 hat of see invisible (worn)
 M - a +2 cloak (worn)
 P - the +1 pair of boots of Masochism (worn) {Regen+ Str+4 Dex-4 SInv}
   (You found it on level 7 of the Dungeon)

   It affects your strength (+4).
   It affects your dexterity (-4).
   It lets you see invisible.
   It increases your rate of regeneration.
 Q - a +2 pair of gloves (worn)
Jewellery
 l - an uncursed ring of ice
 s - a ring of protection from magic (left hand)
 t - an uncursed ring of fire
 N - the amulet of Divine Compulsion {RegenMP rC- rN+ MR++ Stlth-}
   (You found it on level 9 of the Dungeon)

   [amulet of magic regeneration]

   It increases your magic regeneration.
   It makes you vulnerable to cold.
   It protects you from negative energy.
   It affects your resistance to hostile enchantments.
   It makes you less stealthy.
 R - an uncursed ring of poison resistance
 X - a ring of protection from cold (right hand)
Wands
 C - a wand of disintegration (21/24)
 O - a wand of lightning (5/15)
Scrolls
 f - 4 scrolls of enchant armour
 i - a scroll of identify
 k - 20 scrolls of remove curse
 n - 11 scrolls of teleportation
 o - 3 scrolls of fear
 p - 2 scrolls of fog
 v - a scroll of torment
 x - 2 scrolls of blinking
 J - 3 scrolls of magic mapping
 Y - 2 scrolls of recharging
Potions
 a - 3 potions of resistance
 e - a potion of mutation
 j - 12 potions of curing
 q - 2 potions of cancellation
 r - 6 potions of might
 u - 8 potions of heal wounds
 A - 2 potions of invisibility
 D - a potion of cure mutation
 G - 5 potions of brilliance
 I - a potion of beneficial mutation
 S - 3 potions of haste
 V - 4 potions of agility
Comestibles
 c - 11 meat rations
 h - 6 beef jerkies
 F - 3 slices of pizza
 W - 24 royal jellies


   Skills:
 + Level 11.6 Fighting
 + Level 22.5 Short Blades
 + Level 4.2 Armour
 + Level 16.1 Dodging
 * Level 17.2 Stealth
 - Level 4.3 Shields


You had 16 spell levels left.
You didn't know any spells.

Dungeon Overview and Level Annotations

Branches:
Dungeon (15/15)            Temple (1/1) D:6            Lair (8/8) D:11
  Swamp (1/4) Lair:6       Spider (0/4) Lair:5        Slime (0/6) Lair:6
    Orc (2/2) D:11            Elf (0/3) Orc:2        Vaults (0/5) D:13
 Depths (0/5) D:15

Altars:
Ashenzari
Cheibriados
Dithmenos
Elyvilon
Fedhas
Gozag
Kikubaaqudgha
Makhleb
Nemelex Xobeh
Okawaru
Pakellas
Qazlal
Ru
Sif Muna
Trog
Vehumet
Xom
Yredelemnul
Zin
The Shining One

Shops:
D:6 %   D:9 (   D:11 *   D:14 !   Orc:2 !=![

Annotations:
D:7 exclusion: downstairs


Innate Abilities, Weirdness & Mutations

You are small and have problems with some larger weapons.
You are carnivorous and can eat meat at any time.
You are partially covered in rugged brown scales (AC +1, +3% HP).
You are very agile. (Dex +4)
You tend to lose your temper in combat.
Your system is resistant to poisons.
Your spells are easier to cast, but less powerful.


Message History

You hit the shambling mangrove.
The shambling mangrove is severely damaged.
You feel sick. The vampire mosquito bites you!
* * * LOW HITPOINT WARNING * * *
The wasp stings you but does no damage. The wasp barely misses you.
The vampire mosquito completely misses you.
Unknown command.
You are too injured to fight recklessly!
You are too injured to fight recklessly!
Unknown command.
You are too injured to fight recklessly!
Unknown command.
You are too injured to fight recklessly!
Unknown command.
You hit the shambling mangrove.
The shambling mangrove is almost destroyed.
You feel yourself speed up. You block the wasp's attack.
The wasp barely misses you. The vampire mosquito misses you.
The shambling mangrove hits you!!
You die...

♣♣..≈≈≈..≈≈..≈≈≈≈≈≈≈
♣.≈.....≈§...≈≈≈≈≈≈≈
♣..:.......≈≈≈≈...≈.
♣........≈≈≈..≈♣≈≈≈ .
♣≈.≈≈≈≈...♣≈≈.♣♣♣♣♣ ..♣♣
♣≈≈≈≈≈≈≈♣♣...≈♣♣..
.....♣♣≈≈≈≈≈≈.♣♣≈..♣..≈♣
...§.≈≈♣≈..♣♣♣.≈♣♣♣≈...≈
...≈..y@♣♣♣♣ ♣♣♣♣ ♣♣♣.≈≈
≈..♣♣♣yfy♣ ♣♣.≈≈.≈
♣....♣ ♣♣♣♣.≈≈≈♣≈
≈..§≈≈≈ ♣.≈.≈≈≈§♣.
♣.§.§w≈≈. ♣♣♣≈≈....≈..
♣....≈≈≈.♣♣♣.≈......≈..
...$≈♣♣...♣ ♣♣♣♣♣♣♣♣♣♣..
..≈.♣ ≈..≈. ♣.≈ ♣♣.


You could see a shambling mangrove, a swamp worm, a vampire mosquito and 2
wasps.

Vanquished Creatures
  Rupert (Lair:5)
  Gastronok (Lair:1)
  Maud (Lair:5)
  The ghost of Chiseanne the Nimble, a journeyman TrMo of the Shining One (D:14)
  5 vault guards (D:13)
  A fire dragon (Lair:8)
  2 ogre magi (D:15)
  10 hydras
  2 alligators (Swamp:1)
  A catoblepas (Lair:5)
  3 centaur warriors
  2 death knights
  4 death yaks (Lair:8)
  Nergalle (Lair:4)
  A flayed ghost (D:12)
  4 unseen horrors
  An anubis guard (shapeshifter) (D:15)
  A swamp dragon (Swamp:1)
  7 hill giants
  3 orc knights (Orc:2)
  Pikel (D:8)
  An orb spider (Lair:5)
  3 orc sorcerers
  2 deep elf magi
  A wizard (D:15)
  2 manticores (D:12)
  A griffon (D:13)
  6 cyclopes
  14 ugly things
  2 centaur zombies
  4 black mambas
  9 elephants
  Joseph (D:8)
  5 gargoyles
  4 centaur skeletons
  10 spiny frogs
  A yaktaur (D:13)
  7 komodo dragons
  A kobold demonologist (D:13)
  2 rime drakes
  2 tengu conjurers (D:13)
  2 efreet
  A queen bee (D:13)
  3 trolls (Orc:2)
  8 polar bears
  2 giant leeches (Swamp:1)
  2 two-headed ogres (D:15)
  14 blink frogs
  4 raiju (Lair:8)
  3 boulder beetles
  15 slime creatures
  3 shadows
  A vampire (D:9)
  A spriggan (D:7)
  73 yaks
  4 hungry ghosts
  2 wyverns
  3 basilisks
  4 steam dragons (Lair:8)
  Grum (D:8)
  20 vampire mosquitoes
  13 hippogriffs
  9 swamp worms
  5 wargs (Lair:8)
  2 insubstantial wisps (Swamp:1)
  2 mottled dragons
  A soldier ant (D:15)
  16 water moccasins
  8 hell hounds
  10 porcupines
  20 black bears
  40 orc warriors
  A wasp (D:11)
  3 swamp drakes (Lair:8)
  A sky beast (D:9)
  8 ice beasts
  A phantom (D:5)
  4 slaves (D:8)
  3 boggarts (D:15)
  12 ogres
  30 centaurs
  22 wolves
  11 crocodiles
  Blork the orc (D:4)
  A wyvern zombie (D:10)
  24 giant frogs
  2 wyvern skeletons
  5 scorpions
  43 killer bees
  2 howler monkeys
  3 wights (D:12)
  4 electric eels
  2 crimson imps
  A giant frog zombie (D:13)
  21 hounds
  A quasit (D:11)
  19 orc priests
  3 giant frog skeletons
  3 jellies
  22 orc wizards
  Natasha (thrice) (D:2 D:4)
  Terence (D:1)
  11 iguanas
  3 hell rats (Lair:2)
  12 worker ants
  38 sheep
  A hound skeleton (D:4)
  A mummy (D:7)
  3 gnolls (D:6)
  10 adders
  43 river rats
  7 shadow imps
  3 adder skeletons
  2 adder zombies
  3 worms (D:2)
  3 dart slugs
  9 giant geckos
  101 orcs
  2 ball pythons
  A bat skeleton (D:2)
  A bat zombie (D:2)
  6 giant cockroaches
  6 goblins
  7 hobgoblins
  11 jackals
  9 quokkas
  6 bats
  A giant cockroach zombie (D:2)
  A giant gecko skeleton (D:5)
  8 giant newts
  A hobgoblin zombie (D:7)
  9 kobolds
  A kobold zombie (D:7)
  An orc zombie (D:7)
  A quokka skeleton (D:6)
  7 rats
  A plant (Lair:8)
1010 creatures vanquished.

Vanquished Creatures (collateral kills)
  2 hydras
  The ghost of feelmyfire the Spear-Bearer, a novice MiFi of Okawaru (D:7)
  A wolf (D:8)
  A giant frog (D:7)
  A scorpion (D:7)
  2 orc wizards (D:7)
  A hell rat (Lair:2)
  An iguana (D:7)
  A hound zombie (D:7)
  A worker ant zombie (D:7)
  An adder zombie (D:7)
13 creatures vanquished.

Vanquished Creatures (others)
  A crocodile (Lair:7)
  9 fungi
  14 plants
24 creatures vanquished.

Grand Total: 1047 creatures vanquished

Notes
Turn   | Place    | Note
--------------------------------------------------------------
     0 | D:1      | Moloch the Kobold Berserker began the quest for the Orb.
     0 | D:1      | Reached XP level 1. HP: 14/14 MP: 1/1
   257 | D:1      | Reached XP level 2. HP: 19/19 MP: 2/2
   431 | D:1      | Reached skill level 5 in Short Blades
   583 | D:1      | Reached XP level 3. HP: 19/23 MP: 3/3
   726 | D:1      | Reached ** piety under Trog
   968 | D:2      | Noticed Terence
   992 | D:1      | Killed Terence
   992 | D:1      | Reached skill level 6 in Short Blades
   992 | D:1      | Reached XP level 4. HP: 21/28 MP: 4/4
  1130 | D:2      | Noticed Natasha
  1142 | D:2      | Killed Natasha
  1255 | D:2      | Reached skill level 7 in Short Blades
  1255 | D:2      | Reached XP level 5. HP: 32/32 MP: 5/5
  1386 | D:2      | Found a snail-covered altar of Cheibriados.
  1921 | D:3      | Reached skill level 8 in Short Blades
  1921 | D:3      | Reached XP level 6. HP: 33/37 MP: 6/6
  2038 | D:3      | Reached *** piety under Trog
  2078 | D:3      | Reached skill level 9 in Short Blades
  2310 | D:3      | Reached XP level 7. HP: 34/41 MP: 7/7
  2458 | D:3      | Reached **** piety under Trog
  2790 | D:4      | Noticed Natasha
  2794 | D:4      | Killed Natasha
  3120 | D:4      | Noticed Natasha
  3137 | D:4      | Killed Natasha
  3176 | D:4      | Found an ancient bone altar of Kikubaaqudgha.
  3233 | D:4      | Reached skill level 10 in Short Blades
  3291 | D:4      | Noticed Blork the orc
  3302 | D:4      | Killed Blork the orc
  3452 | D:4      | Reached XP level 8. HP: 48/48 MP: 8/8
  3567 | D:4      | Reached skill level 11 in Short Blades
  3924 | D:5      | Entered Level 5 of the Dungeon
  4314 | D:5      | Reached skill level 12 in Short Blades
  4682 | D:5      | Found a stormy altar of Qazlal.
  4789 | D:6      | Noticed a yak
  4798 | D:6      | Noticed a yak
  4809 | D:6      | Killed a yak
  4809 | D:6      | Reached skill level 13 in Short Blades
  4809 | D:6      | Reached XP level 9. HP: 52/52 MP: 9/9
  5165 | D:6      | Reached skill level 14 in Short Blades
  5219 | D:6      | Found a staircase to the Ecumenical Temple.
  5268 | D:6      | Reached ***** piety under Trog
  5317 | D:6      | Reached skill level 15 in Short Blades
  5647 | D:6      | Reached skill level 5 in Fighting
  5647 | D:6      | Reached skill level 5 in Dodging
  5647 | D:6      | Reached XP level 10. HP: 59/59 MP: 10/10
  5686 | Temple   | Entered the Ecumenical Temple
  5869 | D:6      | Found Cugy's Food Shoppe.
  6594 | D:7      | Noticed feelmyfire's ghost (novice MiFi)
  6617 | D:7      | Killed feelmyfire's ghost
  6617 | D:7      | Reached skill level 16 in Short Blades
  6642 | D:7      | Found a basalt altar of Yredelemnul.
  6793 | D:7      | Got a pair of shimmering boots
  6799 | D:7      | Identified the +1 pair of boots of Masochism {Regen+ Str+4 Dex-4 SInv} (You found it on level 7 of the Dungeon)
  7387 | D:8      | Noticed Grum
  7412 | D:8      | Found a basalt altar of Yredelemnul.
  7671 | D:8      | Noticed Pikel
  7689 | D:8      | Killed Pikel
  7689 | D:8      | Reached skill level 17 in Short Blades
  7689 | D:8      | Reached XP level 11. HP: 64/64 MP: 11/11
  7746 | D:8      | Found a sparkling altar of Nemelex Xobeh.
  7889 | D:8      | Killed Grum
  8084 | D:8      | Found a bloodstained altar of Trog.
  8180 | D:8      | Noticed Joseph
  8400 | D:8      | Killed Joseph
  8513 | D:9      | Found Keish's Weapon Emporium.
  8600 | D:9      | Bought a +0 rapier for 44 gold pieces
  8804 | D:9      | Reached skill level 18 in Short Blades
  8912 | D:9      | Got a twitching bone amulet
  8913 | D:9      | Identified the amulet of Divine Compulsion {RegenMP rC- rN+ MR++ Stlth-} (You found it on level 9 of the Dungeon)
  9125 | D:9      | Gained mutation: You are agile. (Dex +2) [mutagenic meat]
  9126 | D:9      | Gained mutation: You passively map a small area around you. [mutagenic meat]
  9127 | D:9      | Gained mutation: You evolve. [mutagenic meat]
  9128 | D:9      | Gained mutation: You occasionally shout uncontrollably at your foes. [mutagenic meat]
  9130 | D:9      | Gained mutation: You are frail (-10% HP). [potion of mutation]
  9130 | D:9      | Lost mutation: You are agile. (Dex +2) [potion of mutation]
  9386 | D:9      | Got a brightly glowing leather armour
  9397 | D:9      | Identified the cursed +0 leather armour of Fortification {rN+} (You found it on level 9 of the Dungeon)
  9546 | D:10     | Entered Level 10 of the Dungeon
  9694 | D:10     | Noticed a hill giant
  9727 | D:10     | Killed a hill giant
  9877 | D:9      | Found a shattered altar of Ashenzari.
  9877 | D:9      | Found a glowing silver altar of Zin.
 10475 | D:10     | Lost mutation: You occasionally shout uncontrollably at your foes. [evolution]
 10651 | D:11     | Noticed a hill giant
 10667 | D:11     | Killed a hill giant
 10753 | D:11     | Reached XP level 12. HP: 65/65 MP: 12/12
 10946 | D:11     | Found a staircase to the Lair.
 10960 | D:11     | Found a staircase to the Orcish Mines.
 11004 | D:11     | Noticed an eight-headed hydra
 11039 | D:11     | Killed an eight-headed hydra
 11039 | D:11     | Reached skill level 19 in Short Blades
 11158 | D:11     | Noticed an unseen horror
 11167 | D:11     | Killed an unseen horror
 11190 | D:11     | Found Kengankynoc's Assorted Antiques.
 11219 | D:11     | Bought a scroll labeled RUDIFUORULL for 25 gold pieces
 11219 | D:11     | Bought a scroll labeled TEFAQURRIE for 25 gold pieces
 11518 | D:11     | Gained mutation: You rapidly evolve. [evolution]
 11587 | Orc:1    | Entered Level 1 of the Orcish Mines
 11667 | Orc:1    | Found a burning altar of Makhleb.
 11878 | Orc:1    | Received a gift from Trog
 12137 | Orc:2    | Entered Level 2 of the Orcish Mines
 12224 | Lair:1   | Entered Level 1 of the Lair of Beasts
 12236 | Lair:1   | Noticed Gastronok
 12276 | Lair:1   | Killed Gastronok
 12277 | Lair:1   | Noticed an eight-headed hydra
 12352 | Lair:1   | Killed an eight-headed hydra
 12553 | Lair:1   | Reached skill level 20 in Short Blades
 12852 | Lair:1   | Found an oddly glowing altar of Pakellas.
 12877 | Lair:1   | Reached skill level 10 in Dodging
 12882 | Lair:1   | Gained mutation: You are agile. (Dex +2) [evolution]
 13186 | Lair:1   | Reached XP level 13. HP: 72/72 MP: 13/13
 13718 | Lair:2   | Noticed a four-headed hydra
 13738 | Lair:2   | Killed a five-headed hydra
 14140 | Lair:2   | Noticed a seven-headed hydra
 14181 | Lair:2   | Killed a seven-headed hydra
 14861 | Lair:3   | Reached ****** piety under Trog
 14864 | Lair:3   | Received a gift from Trog
 15124 | Lair:3   | Noticed a five-headed hydra
 15135 | Lair:3   | Killed a five-headed hydra
 15135 | Lair:3   | Reached skill level 21 in Short Blades
 15528 | Lair:4   | Gained mutation: Your system is resistant to poisons. [evolution]
 15626 | Lair:4   | Noticed Nergalle
 15725 | Lair:4   | Killed Nergalle
 15768 | Lair:4   | Reached skill level 10 in Fighting
 16062 | Lair:4   | Noticed a five-headed hydra
 16071 | Lair:4   | Killed a five-headed hydra
 17259 | Lair:5   | Noticed Rupert
 17292 | Lair:5   | Killed Rupert
 17292 | Lair:5   | Reached XP level 14. HP: 79/79 MP: 14/14
 17577 | Lair:5   | Lost mutation: You are frail (-10% HP). [evolution]
 17577 | Lair:5   | Lost mutation: You rapidly evolve. [end of evolution]
 17578 | Lair:5   | Found a hole to the Spider Nest.
 17631 | Lair:5   | Noticed Maud
 17653 | Lair:5   | Killed Maud
 18002 | Lair:6   | Found a staircase to the Slime Pits.
 18336 | Lair:6   | Found a staircase to the Swamp.
 18640 | Lair:6   | Received a gift from Trog
 18656 | Lair:6   | Got a pitted short sword {god gift}
 18659 | Lair:6   | Identified the +8 short sword of Execution {pierce, +Inv rC- rN++ Stlth+} (Trog gifted it to you on level 6 of the Lair of Beasts)
 19024 | Lair:7   | Reached skill level 1 in Stealth
 19868 | Lair:8   | Entered Level 8 of the Lair of Beasts
 19930 | Lair:8   | Gained mutation: You have supernaturally acute eyesight. [potion of mutation]
 19930 | Lair:8   | Gained mutation: You are partially covered in rugged brown scales (AC +1, +3% HP). [potion of mutation]
 20228 | Lair:8   | Reached skill level 22 in Short Blades
 20349 | Lair:8   | Received a gift from Trog
 20491 | Lair:8   | Reached XP level 15. HP: 97/97 MP: 15/15
 20493 | Lair:8   | Gained mutation: You are robust (+10% HP). [evolution]
 21085 | Lair:8   | Received a gift from Trog
 21085 | Lair:8   | Reached skill level 15 in Dodging
 21261 | Lair:8   | Received a gift from Trog
 21287 | Lair:8   | Got a scorched rapier {god gift}
 21288 | Lair:8   | Identified the +7 rapier of Due Proportion {pierce, rF++ MR+++ Str-2} (Trog gifted it to you on level 8 of the Lair of Beasts)
 22186 | Orc:2    | Reached skill level 5 in Stealth
 22453 | Orc:2    | Found a staircase to the Elven Halls.
 22619 | Orc:2    | Received a gift from Trog
 22968 | Orc:2    | Found Cuobem's Distillery.
 22968 | Orc:2    | Found Yvyo's Jewellery Shop.
 22970 | Orc:2    | Found Bopac's Distillery.
 22972 | Orc:2    | Found Item's Armour Emporium.
 22983 | Orc:2    | Bought a potion of agility for 64 gold pieces
 22983 | Orc:2    | Bought a potion of resistance for 160 gold pieces
 22983 | Orc:2    | Bought a potion of might for 64 gold pieces
 22983 | Orc:2    | Bought a potion of agility for 64 gold pieces
 22983 | Orc:2    | Bought a potion of heal wounds for 80 gold pieces
 22983 | Orc:2    | Bought a potion of heal wounds for 80 gold pieces
 23784 | D:12     | Received a gift from Trog
 23942 | D:12     | Reached skill level 10 in Stealth
 24045 | D:12     | Got a spiked ring mail
 24056 | D:12     | Identified the +5 ring mail of Vigg {rC+ MP+9} (You found it on level 12 of the Dungeon)
 24766 | D:13     | Reached XP level 16. HP: 107/113 MP: 16/16
 25055 | D:13     | Received a gift from Trog
 25085 | D:13     | Lost mutation: You are robust (+10% HP). [mutagenic meat]
 25086 | D:13     | Gained mutation: You are very agile. (Dex +4) [mutagenic meat]
 25087 | D:13     | Lost mutation: You evolve. [mutagenic meat]
 25088 | D:13     | Gained mutation: Your magical capacity is low (-10% MP). [mutagenic meat]
 25164 | D:13     | Reached skill level 1 in Shields
 25412 | D:13     | Found a gate to the Vaults.
 25416 | D:13     | Received a gift from Trog
 25713 | D:14     | Found Nujiump's Distillery.
 25845 | D:14     | Noticed Chiseanne's ghost (journeyman TrMo)
 25868 | D:14     | Killed Chiseanne's ghost
 25973 | D:14     | You fall through a shaft!
 25973 | D:15     | Entered Level 15 of the Dungeon
 25973 | D:15     | Found a staircase to the Depths.
 26026 | D:15     | Reached skill level 15 in Stealth
 26099 | D:15     | Gained mutation: You tend to lose your temper in combat. [mutagenic meat]
 26101 | D:15     | Lost mutation: Your system is resistant to poisons. [mutagenic meat]
 26102 | D:15     | Gained mutation: Your spells are a little easier to cast, but a little less powerful. [mutagenic meat]
 26103 | D:15     | Lost mutation: You passively map a small area around you. [mutagenic meat]
 26105 | D:15     | Lost mutation: Your magical capacity is low (-10% MP). [mutagenic meat]
 26106 | D:15     | Gained mutation: Your body sometimes deteriorates upon taking damage. [mutagenic meat]
 26353 | D:15     | Lost mutation: Your body sometimes deteriorates upon taking damage. [mutagenic meat]
 26354 | D:15     | Lost mutation: You have supernaturally acute eyesight. [mutagenic meat]
 26357 | D:15     | Gained mutation: Your system is resistant to poisons. [mutagenic meat]
 26361 | D:15     | Gained mutation: Your spells are easier to cast, but less powerful. [mutagenic meat]
 26740 | D:15     | Received a gift from Trog
 27173 | D:14     | Reached XP level 17. HP: 107/107 MP: 17/17
 27677 | Swamp:1  | Entered Level 1 of the Swamp
 28159 | Swamp:1  | Got a tiger eye-encrusted chain mail
 28160 | Swamp:1  | Identified the +0 chain mail of the Sailor {MR++ Int+4} (You found it on level 1 of the Swamp)
 28357 | Swamp:1  | Slain by a shambling mangrove

Vault maps used:
D:1:      minmay_arrival_three_doors
D:2:      kennysheep_slug_shrine, first_bread, serial_undead, serial_undead_a,
          serial_undead_c, serial_undead_a, serial_undead_d, uniq_terence,
          uniq_natasha
D:3:      hangedman_decor_lopped
D:4:      marbit_many_paths, corexii_hall_statues_i, uniq_blork_the_orc
D:5:      nicolae_qazlal_general_emergency, corexii_leaking_fountain,
          saegor_snake_ambush
D:6:      serial_shops, shop
D:7:      yredelemnul_altar_generic, the_bakery, minmay_mini_ossuary
D:8:      trog_ov_bears_minmay, lemuel_coloured_pillars_altar, basic_altar,
          hangedman_decor_diamond_cutter, uniq_grum, uniq_pikel, uniq_joseph
D:9:      nicolae_overflow_hidden_temple, serial_shops, shop, minivault_19
D:10:     serial_bayou, serial_bayou_ford_a, serial_bayou_pond_d,
          serial_bayou_pond_a, serial_bayou_pond_b, serial_bayou_pond_c,
          serial_bayou_pond_a, kennysheep_generic_room_2
D:11:     minmay_lair_entry_lava, orc_0_dummy, serial_shops, shop
D:12:     kennysheep_windowed_halls
D:13:     nicolae_whirlpool, grunt_vaults_entry_fortified, special_room
D:14:     serial_shops, nicolae_shop_temple_entry_statues_fountains,
          serial_glass, glass_columns_b, glass_columns_a
D:15:     hangedman_depths_entry_civil_slaughter, minmay_misc_feat_tower,
          serial_corexii_hall, corexii_hall_statues_l, corexii_hall_statues_u,
          corexii_hall_statues_i, corexii_hall_statues_i
Temple:   circular_temple_12
Lair:1:   lemuel_centaur_altar, uniq_gastronok
Lair:2:   grunt_forest_large_clearings
Lair:3:   minmay_stone_trees_large
Lair:4:   small_statue_intersection, wad_woods_road_01,
          grunt_forest_stairs_basic, small_statue_intersection,
          serial_bayou_shore_b, lemuel_fruit_fields, uniq_nergalle
Lair:5:   nicolae_spider_entry_orb_guardian, grunt_megastairs_3, uniq_maud,
          uniq_rupert
Lair:6:   nicolae_swamp_entry_splash_gauntlet, slime_dummy, st_stairs_8,
          minivault_25
Lair:8:   guppyfry_lair_end_dragon, hangedman_lair_caniforms_friends
Swamp:1:  serial_swamp_ruin, evilmike_swamp_ruin_house_1,
          evilmike_swamp_ruin_rubble_2, evilmike_swamp_ruin_wall
Orc:1:    bloody_makhleb
Orc:2:    st_orc_rangers

Skill      XL: |  1  2  3  4  5  6  7  8  9 10 11 12 13 14 15 16 17 |
---------------+----------------------------------------------------+-----
Short Blades   | 5 6 7 8 9 10 13 15 17 18 20 21 22 | 22.5
Dodging        | 3 4 5 6 8 10 12 14 15 16 | 16.1
Fighting       | 4 5 6 8 9 10 11 | 11.6
Armour         | 3 4 |  4.2
Stealth        | 3 11 16 17 | 17.2
Shields        | 4 |  4.3

Action                   |  1- 3 |  4- 6 |  7- 9 | 10-12 | 13-15 | 16-18 || total
-------------------------+-------+-------+-------+-------+-------+-------++-------
Melee: Short sword       |   104 |   171 |   471 |   484 |   606 |       ||  1836
       Rapier            |       |       |       |   814 |  1653 |   815 ||  3282
       Quick blade       |       |       |       |       |    12 |     4 ||    16
Throw: Tomahawk          |       |       |       |     6 |       |       ||     6
Invok: Berserk           |     2 |     8 |    19 |    37 |    46 |     6 ||   118
       Trog's Hand       |       |       |     1 |     1 |       |       ||     2
       Brothers in Arms  |       |       |       |     6 |     2 |       ||     8
       Burn Spellbooks   |       |       |       |       |     4 |       ||     4
Evoke: Wand              |       |       |       |    12 |     7 |       ||    19
  Use: Scroll            |       |       |       |    14 |    21 |     5 ||    40
       Potion            |       |       |       |     2 |     1 |       ||     3
 Stab: Sleeping          |     1 |       |       |       |    24 |    23 ||    48
       Confused          |       |       |       |     1 |       |       ||     1
       Distracted        |       |       |       |       |     5 |     2 ||     7
  Eat: Chunk             |     8 |    15 |    30 |    73 |    87 |    47 ||   260
       Royal jelly       |       |       |       |     1 |       |       ||     1
Armor: Animal skin       |     2 |       |       |       |       |       ||     2
       Ring mail         |    11 |    36 |    47 |     2 |    24 |    91 ||   211
       Scale mail        |       |       |       |   244 |   102 |       ||   346
       Leather armour    |       |       |       |       |   136 |       ||   136
Dodge: Dodged            |    56 |   113 |   216 |   671 |  1587 |   520 ||  3163
Block: Buckler           |       |       |       |       |       |   149 ||   149
